AoeStats
← OsmanGokcheck

Arena

507317051Analyzed
3v3 RM · 15d ago on Sep 17, 2026· 60m 49s· 6 players
Game mode
Random Map
Map size
Normal (6 player)
Population
200
Speed
Normal
Resources
Standard
Victory
Conquest
Starting age
Dark Age
Ending age
Imperial Age
RankedLock teamsTeams togetherTeam positionsShared explorationLock speedFull tech treeHidden civsTurbo modeCheats
Victory
Defeat
🇹🇷 Ethiopians · Türkiye
1015
+13
🇦🇷 Saracens · Argentina
967
+15
🇹🇷 Mongols · Türkiye
868
+19
🇷🇺 Italians · Russia
1012
-18
🇷🇺 Teutons · Russia
929
-15
🇰🇿 Burgundians · Kazakhstan
890
-14
OsmanGokcheck
8:55 Feudal Age
9:43 Double-Bit Axe
17:27 Castle Age
16:18 Fletching
16:55 Gold Mining
17:28 Crossbowman
18:05 Bodkin Arrow
18:41 Horse Collar
21:16 Wheelbarrow
22:53 Bow Saw
24:28 Town Watch
25:46 Padded Archer Armor
27:23 Leather Archer Armor
28:25 Thumb Ring
29:11 Hand Cart
32:50 Stone Mining
33:40 Gold Shaft Mining
35:36 Imperial Age
34:46 Ballistics
35:31 Heavy Plow
35:26 Loom
35:46 Arbalester
36:34 Bracer
38:04 Chemistry
38:04 Ring Archer Armor
38:50 Conscription
39:19 Town Patrol
40:56 Torsion Engines
41:47 Siege Engineers
41:53 Masonry
42:47 Stone Shaft Mining
42:54 Scale Barding Armor
43:00 Forging
45:32 Chain Barding Armor
45:48 Iron Casting
44:36 Heavy Camel Rider
45:17 Husbandry
49:08 Blast Furnace
51:22 Town Patrol
54:31 Guilds
54:52 Coinage
55:45 Architecture
55:05 Guard Tower
55:28 Fortified Wall
mulgezen
0:35 Loom
10:09 Feudal Age
11:50 Wheelbarrow
11:04 Double-Bit Axe
11:15 Gold Mining
11:17 Stone Mining
12:10 Horse Collar
22:05 Castle Age
21:53 Forging
21:49 Scale Barding Armor
21:47 Padded Archer Armor
21:38 Fletching
23:02 Hand Cart
23:00 Bow Saw
23:02 Heavy Plow
24:01 Gold Shaft Mining
24:02 Stone Shaft Mining
24:42 Caravan
25:48 Husbandry
26:06 Bloodlines
33:18 Imperial Age
31:39 Town Watch
33:24 Elite Steppe Lancer
34:24 Town Patrol
35:03 Iron Casting
34:59 Scale Mail Armor
35:20 Chain Barding Armor
35:18 Masonry
35:18 Fortified Wall
39:40 Blast Furnace
38:37 Bodkin Arrow
38:57 Leather Archer Armor
41:00 Bracer
42:59 Conscription
44:14 Elite Mangudai
emanuelvicente14
11:02 Feudal Age
15:34 Castle Age
13:42 Double-Bit Axe
14:36 Horse Collar
16:42 Wheelbarrow
16:45 Stone Mining
29:24 Imperial Age
27:12 Bow Saw
27:12 Heavy Plow
29:39 Gold Mining
29:58 Scale Barding Armor
29:53 Scale Mail Armor
30:04 Forging
30:19 Heavy Camel Rider
31:00 Husbandry
31:11 Bloodlines
33:20 Gold Shaft Mining
33:49 Two-Man Saw
35:12 Chemistry
34:09 Murder Holes
34:26 Fortified Wall
34:25 Siege Engineers
34:47 Ballistics
35:30 Masonry
35:45 Conscription
36:01 Hoardings
37:08 Elite Skirmisher
37:59 Padded Archer Armor
37:50 Fletching
38:17 Chain Mail Armor
38:36 Thumb Ring
38:19 Treadmill Crane
38:54 Masonry
39:26 Iron Casting
39:11 Chain Barding Armor
39:48 Leather Archer Armor
40:40 Parthian Tactics
42:24 Bodkin Arrow
43:29 Blast Furnace
43:00 Plate Mail Armor
47:20 Hand Cart
53:15 Plate Barding Armor
53:43 Ring Archer Armor
53:24 Bracer
55:16 Caravan
оливье
6:57 Double-Bit Axe
11:17 Feudal Age
10:01 Horse Collar
13:20 Heavy Plow
14:06 Bow Saw
20:51 Castle Age
21:20 Forging
21:53 Husbandry
21:14 Cavalier
23:16 Scale Barding Armor
34:09 Loom
35:07 Elite Skirmisher
44:57 Iron Casting
44:22 Fletching
leonidze
0:36 Loom
10:36 Feudal Age
11:20 Double-Bit Axe
11:20 Horse Collar
15:33 Wheelbarrow
19:16 Castle Age
29:16 Bow Saw
29:52 Heavy Plow
34:00 Hand Cart
33:56 Scale Barding Armor
35:15 Town Watch
36:01 Fortified Wall
39:48 Imperial Age
38:09 Gold Mining
38:10 Stone Mining
40:27 Chain Barding Armor
40:18 Forging
40:27 Bloodlines
43:04 Plate Barding Armor
43:04 Iron Casting
43:31 Crop Rotation
43:23 Cavalier
47:35 Blast Furnace
52:13 Stone Shaft Mining
ASTERIX
10:33 Feudal Age
14:14 Castle Age
12:46 Double-Bit Axe
15:02 Stone Mining
20:21 Horse Collar
20:55 Loom
22:21 Wheelbarrow
25:56 Elite Skirmisher
26:29 Fletching
29:37 Imperial Age
28:46 Padded Archer Armor
28:42 Bodkin Arrow
30:34 Leather Archer Armor
31:13 Conscription
32:22 Ballistics
32:36 Ring Archer Armor
33:08 Hand Cart
33:04 Bow Saw
33:13 Gold Mining
34:44 Chemistry
34:27 Elite Genoese Crossbowman
35:27 Thumb Ring
39:13 Bracer
39:56 Heavy Plow
41:58 Town Watch
46:46 Crop Rotation
46:10 Light Cavalry
47:01 Bloodlines
47:20 Hussar
51:29 Husbandry
52:09 Cavalier
57:20 Bombard Tower
Connection lost

Rejoining the realm…

Still unreachable

The connection could not be restored.

Session expired

The server has moved on; the page needs a fresh start.